 Dungeon Crawl Stone Soup version 0.26-a0-415-g2a9615731a (webtiles) character file.

Game seed: 17838363489129111022

13820 threeofswords the Fighter (level 12, -6/102 HPs)
             Began as a Human Berserker on July 25, 2020.
             Was a High Priest of Trog.
             Mangled by Snorg (17 damage)
             ... on level 11 of the Dungeon.
             The game lasted 00:32:10 (12784 turns).

threeofswords the Fighter (Human Berserker)        Turns: 12784, Time: 00:32:12

Health: -6/102     AC: 14    Str: 21    XL:     12   Next: 37%
Magic:  0/17       EV: 14    Int:  8    God:    Trog [*****.]
Gold:   636        SH:  0    Dex: 14    Spells: 11/11 levels left

rFire    + . .     SeeInvis +   j - +0 war axe
rCold    . . .     Faith    .   (no shield)
rNeg     . . .     Spirit   +   q - +4 moon troll leather armour {Spirit, Regen++ MP+5}
rPois    .         Reflect  .   i - +2 helmet {SInv}
rElec    .         Harm     .   (no cloak)
rCorr    .                      c - +0 pair of gloves
MR       .....                  (no boots)
Stlth    +.........             r - amulet of the acrobat
HPRegen  1.07/turn              v - ring of protection from fire
MPRegen  0.15/turn              (no ring)

@: lethally poisoned (-6 -> -6), berserk cooldown, very slightly contaminated,
slowed, very slow
A: no striking features
a: Berserk, Trog's Hand, Brothers in Arms, Renounce Religion


You were on level 11 of the Dungeon.
You worshipped Trog.
Trog was extremely pleased with you.
You visited 1 branch of the dungeon, and saw 11 of its levels.
You also visited: Bailey.

You collected 1284 gold pieces.
You spent 648 gold pieces at shops.

Inventory:

Hand Weapons
 a - a +0 hand axe
 j - a +0 war axe (weapon)
 l - a +1 vorpal mace
 s - a +0 long sword
 I - a +0 battleaxe
Armour
 c - a +0 pair of gloves (worn)
 i - a +2 helmet of see invisible (worn)
 q - the +4 moon troll leather armour (worn) {Spirit, Regen++ MP+5}
   (You found it on level 4 of the Dungeon)

   It affects your magic capacity (+5).
   It increases your rate of regeneration.
Jewellery
 r - an amulet of the acrobat (around neck)
 v - a ring of protection from fire (left hand)
Wands
 f - a wand of paralysis (6)
 o - a wand of flame (20)
 t - a wand of acid (7)
 y - a wand of iceblast (9)
 B - a wand of random effects (22)
 C - a wand of disintegration (20)
Scrolls
 b - 5 scrolls of enchant weapon
 d - a scroll of blinking
 g - 6 scrolls of remove curse
 h - 2 scrolls of enchant armour
 k - 5 scrolls of teleportation
 m - 2 scrolls of fog
 p - a scroll of brand weapon {unknown}
 A - 5 scrolls of identify
 E - a scroll of fear
Potions
 e - 3 potions of curing
 n - 2 potions of haste
 u - 5 potions of lignification
 x - a potion of magic
 z - a potion of invisibility
 D - a potion of flight
 G - a potion of heal wounds {unknown}


   Skills:
 - Level 12.1 Fighting
 + Level 7.2 Long Blades
 - Level 8.0 Axes
 - Level 7.5 Armour
 - Level 5.0 Dodging
 - Level 7.0 Evocations


You had 11 spell levels left.
You didn't know any spells.
Your spell library was empty.

Dungeon Overview and Level Annotations

Branches:
Dungeon (11/15)            Temple (0/1) D:4            Lair (0/6) D:11
    Orc (0/2) D:11         Bailey (visited)

Altars:
Cheibriados
Kikubaaqudgha
Okawaru
Ru
Sif Muna
Trog
Vehumet
Zin

Shops:
D:7 !}:

Annotations:
D:11 Snorg


Message History

Snorg is severely wounded.
You feel sick.
You see here a large rock {don't use}.
Evoke which item? (* to show all) (? for menu, Esc to quit)
Aiming: Corrosive Bolt
Press: ? - help, Shift-Dir - straight line, f/p - Snorg
Aim: Snorg (severely wounded)
The bolt of acid misses Snorg.
You feel sick.
Snorg goes berserk!
You see here a large rock {don't use}.
Unknown command.
You see here a large rock {don't use}.
Evoke which item? (* to show all) (? for menu, Esc to quit)
Aiming: Corrosive Bolt
Press: ? - help, Shift-Dir - straight line, f/p - Snorg
Aim: Snorg (severely wounded, berserk)
The bolt of acid hits Snorg!
Snorg is splashed with acid.
The acid corrodes Snorg!
Snorg is severely wounded.
You feel sick. Snorg bites you!!
You die...

#.## #.##.#.....# ##.# .#
#.#........####..# ..#
#...#####..##...## .. #.#.#
#.....### ## ##.#.# #.....###
### #..#.# #[..#...# ## .##.
#....######..#.#.##.. ..
#.#.>.#.....#......##.#
.##.>.........(@(.......#
.....#......(...T.......#
##..###........(.........##
...##......_...........†..#
##.##.##..............))).##
#.##.#................†))†###
#..#..................)##...#
###)...##...............)##..#
.((.†..#...(...##.........#.....


You could see Snorg (berserk, corroded).

Vanquished Creatures
  Harold (D:11)
  Nergalle (D:11)
  An unseen horror (D:10)
  The ghost of EnegeticOcto the Ruffian, a novice TrFi of Ru (D:9)
  An ugly thing (D:9)
  A cyclops (D:11)
  Maurice (D:11)
  Joseph (D:7)
  A komodo dragon (D:11)
  2 trolls
  3 hornets
  A hippogriff (D:11)
  Sigmund (D:5)
  A wyvern (D:9)
  8 yaks (D:11)
  A soldier ant (D:11)
  5 ice beasts
  An eye of draining (D:11)
  2 black bears (D:8)
  4 sky beasts
  A hornet zombie (D:8)
  11 orc warriors
  2 phantoms
  A necrophage (D:10)
  5 ogres
  7 centaurs
  4 big kobolds
  7 bullfrogs
  A water moccasin zombie (D:8)
  2 scorpions
  A wyvern skeleton (D:8)
  15 killer bees
  A howler monkey (D:6)
  2 bullfrog zombies
  3 centaur zombies
  13 orc priests
  2 bullfrog skeletons
  3 hounds
  A jelly (D:11)
  8 orc wizards
  4 iguanas
  Natasha (thrice) (D:3)
  A centaur skeleton (D:10)
  10 worker ants
  The ghost of qipq the Sneak, a weakling OpDe of Dithmenos (D:9)
  A hound skeleton (D:4)
  2 gnolls (Bailey)
  11 adders
  4 white imps
  2 ufetubi
  3 oozes
  An adder zombie (D:9)
  4 worms
  3 dart slugs
  5 leopard geckos
  30 orcs
  5 giant cockroaches
  14 goblins
  8 hobgoblins
  16 jackals
  27 kobolds
  2 quokkas
  8 bats
  5 frilled lizards
  A quokka skeleton (D:7)
  2 quokka zombies
  7 rats
308 creatures vanquished.

Vanquished Creatures (collateral kills)
  A two-headed ogre (D:9)
1 creature vanquished.

Vanquished Creatures (others)
  A hound (D:11)
1 creature vanquished.

Grand Total: 310 creatures vanquished

Notes
Turn   | Place    | Note
-------+----------+-------------------------------------------
     0 | D:1      | threeofswords the Human Berserker began the quest for the
                  | Orb.
     0 | D:1      | Reached XP level 1. HP: 18/18 MP: 1/1
   165 | D:1      | Reached XP level 2. HP: 24/24 MP: 2/2
   583 | D:1      | Reached XP level 3. HP: 25/29 MP: 3/3
   652 | D:1      | Reached ** piety under Trog
   983 | D:2      | Reached XP level 4. HP: 23/35 MP: 4/4
  1669 | D:2      | Reached skill level 5 in Axes
  2550 | D:3      | Found a glowing silver altar of Zin.
  2550 | D:3      | Noticed an angel
  2689 | D:3      | Reached XP level 5. HP: 27/41 MP: 5/5
  3127 | D:3      | Noticed Natasha
  3191 | D:3      | Killed Natasha
  3851 | D:3      | Reached *** piety under Trog
  3951 | D:3      | Noticed Natasha
  3961 | D:3      | Killed Natasha
  4640 | D:3      | Noticed Natasha
  4653 | D:3      | Killed Natasha
  4653 | D:3      | Reached XP level 6. HP: 14/47 MP: 6/6
  5097 | D:4      | Reached skill level 4 in Fighting
  5422 | D:4      | Found the +4 moon troll leather armour {Spirit, Regen++
                  | MP+5}
  5737 | D:4      | Reached XP level 7. HP: 54/55 MP: 7/7
  5834 | D:4      | Found a staircase to the Ecumenical Temple.
  5969 | D:5      | Entered Level 5 of the Dungeon
  5978 | D:5      | Reached skill level 5 in Fighting
  6031 | D:5      | Reached skill level 6 in Fighting
  6420 | D:5      | Noticed Sigmund
  6482 | D:5      | Killed Sigmund
  6482 | D:5      | Reached skill level 7 in Fighting
  6482 | D:5      | Reached XP level 8. HP: 67/67 MP: 8/8
  6759 | D:5      | Reached skill level 8 in Fighting
  7025 | D:6      | Found a shimmering blue altar of Sif Muna.
  7026 | D:6      | Found an ancient bone altar of Kikubaaqudgha.
  7363 | D:6      | Reached XP level 9. HP: 67/74 MP: 9/9
  7535 | D:6      | Reached **** piety under Trog
  7612 | D:6      | Found a radiant altar of Vehumet.
  7859 | D:7      | Found a flagged portal.
  7918 | Bailey   | Entered a bailey
  8157 | D:7      | Reached skill level 5 in Armour
  8286 | D:7      | Found Rucovaog's Book Shop.
  8373 | D:7      | Reached skill level 5 in Dodging
  8474 | D:7      | Found Ahefinew's Gadget Emporium.
  8480 | D:7      | Bought a wand of paralysis (8) for 130 gold pieces
  8480 | D:7      | Bought a wand of acid (10) for 364 gold pieces
  8489 | D:7      | Reached XP level 10. HP: 82/82 MP: 10/10
  8491 | D:7      | Found Enlogex's Distillery.
  8500 | D:7      | Bought a potion of lignification for 42 gold pieces
  8500 | D:7      | Bought a potion of invisibility for 112 gold pieces
  8542 | D:7      | Reached skill level 1 in Evocations
  8734 | D:7      | Found a sacrificial altar of Ru.
  8892 | D:7      | Noticed Joseph
  8904 | D:7      | Killed Joseph
  9085 | D:8      | Reached skill level 5 in Evocations
  9455 | D:8      | Reached ***** piety under Trog
  9675 | D:8      | Found a bloodstained altar of Trog.
  9870 | D:9      | Noticed a two-headed ogre
  9882 | D:9      | Killed a two-headed ogre
  9882 | D:9      | Reached skill level 9 in Fighting
 10007 | D:9      | Found a snail-covered altar of Cheibriados.
 10195 | D:9      | Noticed a green ugly thing
 10212 | D:9      | Killed a green ugly thing
 10212 | D:9      | Reached skill level 10 in Fighting
 10317 | D:9      | Reached XP level 11. HP: 85/90 MP: 11/11
 10943 | D:9      | Found a runed translucent gate.
 10943 | D:9      | Found a runed translucent gate.
 10953 | D:9      | Found a runed translucent gate.
 10953 | D:9      | Noticed qipq's ghost (weakling OpDe)
 10953 | D:9      | Noticed EnegeticOcto's ghost (novice TrFi)
 10982 | D:9      | Killed qipq's ghost
 10988 | D:9      | Killed EnegeticOcto's ghost
 11138 | D:10     | Entered Level 10 of the Dungeon
 11326 | D:10     | Paralysed by a hornet for 3 turns
 11332 | D:10     | Paralysed by a hornet for 2 turns
 11337 | D:10     | Paralysed by a hornet for 3 turns
 11421 | D:10     | Noticed an unseen horror
 11473 | D:10     | Killed an unseen horror
 11567 | D:10     | Received a gift from Trog
 11601 | D:10     | Paralysed by a hornet for 2 turns
 11604 | D:10     | Reached skill level 11 in Fighting
 11905 | D:11     | Found a staircase to the Lair.
 12018 | D:11     | Reached skill level 12 in Fighting
 12162 | D:11     | HP: 4/95 [komodo dragon (3)]
 12165 | D:11     | Reached skill level 1 in Long Blades
 12309 | D:11     | Found an iron altar of Okawaru.
 12396 | D:11     | Noticed Harold
 12414 | D:11     | Killed Harold
 12414 | D:11     | Reached XP level 12. HP: 102/102 MP: 12/12
 12571 | D:11     | Reached skill level 5 in Long Blades
 12720 | D:11     | Found a staircase to the Orcish Mines.
 12720 | D:11     | Noticed Maurice
 12735 | D:11     | Received a gift from Trog
 12736 | D:11     | Noticed Nergalle
 12740 | D:11     | Killed Maurice
 12749 | D:11     | Noticed Snorg
 12759 | D:11     | Killed Nergalle
 12784 | D:11     | Mangled by Snorg

Illustrated notes

Levels and vault maps discovered:
D:1:      erik_arrival_triangle_small, layout_loops_cross
D:2:      layout_basic, minmay_box_of_dots
D:3:      layout_basic, zin_angel, serial_curves, eino_curves_04,
          eino_curves_03, uniq_natasha
D:4:      layout_loops_ring, minmay_temple_entry_enclosed_plants
D:5:      layout_loops_ring, uniq_sigmund
D:6:      layout_basic, old_standard_altar, grunt_temple_overflow_open
D:7:      layout_basic, nicolae_ru_sacrificial_ziggurat, serial_shops, shop,
          shop, nicolae_shop_statue_plus, enter_bailey_2, uniq_joseph
D:8:      layout_loops_ring, minmay_misc_feat_square, trog_ov_bears_minmay
D:9:      layout_basic, overflow_temple_1_default, gammafunk_ghost_cemetery,
          nicolae_two_hexagons
D:10:     layout_roguey
D:11:     layout_rooms, lair_entry_dummy, minmay_orc_entry_temple_small,
          basic_altar, uniq_nergalle, uniq_harold, uniq_maurice, uniq_snorg

Skill      XL: |  1  2  3  4  5  6  7  8  9 10 11 12 |
---------------+-------------------------------------+-----
Axes           | 4 5 6 7 8 |  8.0
Fighting       | 4 7 8 10 12 | 12.1
Armour         | 5 7 |  7.5
Dodging        | 5 |  5.0
Evocations     | 7 |  7.0
Long Blades    | 3 7 |  7.2

Action                   |  1- 3 |  4- 6 |  7- 9 | 10-12 || total
-------------------------+-------+-------+-------+-------++-------
Melee: Hand axe          |    74 |   235 |   156 |       ||   465
       War axe           |       |       |   176 |   600 ||   776
Invok: Berserk           |     1 |     4 |     5 |    12 ||    22
       Trog's Hand       |       |       |     1 |       ||     1
       Brothers in Arms  |       |       |       |     1 ||     1
Evoke: Wand              |       |       |       |    12 ||    12
  Use: Scroll            |       |     2 |     9 |     7 ||    18
       Potion            |       |       |     7 |     1 ||     8
 Stab: Sleeping          |     3 |     1 |     1 |       ||     5
       Paralysed         |       |       |       |     9 ||     9
Armor: Animal skin       |    17 |     8 |       |       ||    25
       Ring mail         |       |    29 |       |       ||    29
       Troll leather arm |       |    27 |   115 |   274 ||   416
Dodge: Dodged            |    54 |   104 |   471 |   545 ||  1174

Table legend: (Time is in decaauts)
 A = Elapsed time spent in this place.
 B = Non-inter-level travel time spent in this place.
 C = Inter-level travel time spent in this place.
 D = Time resting spent in this place.
 E = Time spent auto-exploring this place.
 F = Levels seen in this place.
 G = Mean time per level.
                   A        B        C        D        E       F      G
               +--------+--------+--------+--------+--------+-----+--------+
         Total |  13063 |  12414 |    649 |   2206 |   7452 |  12 | 1088.6 |
       Dungeon |  12872 |  12223 |    649 |   2158 |   7452 |  11 | 1170.2 |
        Bailey |    191 |    191 |      0 |     48 |      0 |   1 |  191.0 |
               +--------+--------+--------+--------+--------+-----+--------+

Top non-repeatable levels by time:
     D:3: 2227 daAuts
     D:2: 2026 daAuts
     D:9: 1375 daAuts
     D:4: 1063 daAuts
     D:5: 1052 daAuts
     D:7: 1014 daAuts
    D:11: 930 daAuts
     D:6: 859 daAuts
     D:8: 810 daAuts
    D:10: 795 daAuts
     D:1: 717 daAuts
  Bailey: 191 daAuts
